 Dungeon Crawl Stone Soup version 0.18.1-5-g4a78601 (webtiles) character file.

210 Etesian the Covert (level 5, 0/25 HPs)
             Began as a Spriggan Assassin on May 13, 2016.
             Succumbed to a worker ant's poison
             ... on level 4 of the Dungeon.
             The game lasted 00:04:10 (2033 turns).

Etesian the Covert (Spriggan Assassin)              Turns: 2033, Time: 00:04:10

Health: 0/25       AC:  4    Str:  7    XL:     5   Next: 57%
Magic:  6/6        EV: 20    Int: 12    God:
Gold:   58         SH:  0    Dex: 19    Spells: 0 memorised, 4 levels left

rFire  . . .     SeeInvis +     a - +2 dagger
rCold  . . .     Gourm    .     c - +0 robe
rNeg   + . .     Faith    .     (shield restricted)
rPois  .         Spirit   .     (helmet restricted)
rElec  .         Dismiss  .     d - +1 cloak
rCorr  .         Reflect  .     (gloves unavailable)
SustAt .         Harm     .     (boots unavailable)
MR     .....                    (no amulet)
Stlth  +++++.....               (no ring)
                                p - ring of positive energy

@: lethally poisoned (0 -> -10), very quick, not resistant to hostile
enchantments, quite stealthy
A: unfitting armour, see invisible, herbivore 3, speed 3, slow metabolism 2
a: no special abilities


You were on level 4 of the Dungeon.
You were not hungry.

You visited 1 branch of the dungeon, and saw 4 of its levels.

You collected 58 gold pieces.

Inventory:

Hand Weapons
 a - a +2 dagger (weapon)
 b - a +0 blowgun
Missiles
 e - 8 poisoned needles
 f - 2 curare-tipped needles
Armour
 c - a +0 robe (worn)
 d - a +1 cloak (worn)
Jewellery
 p - a ring of positive energy (left hand)
Scrolls
 h - a scroll of recharging
 i - a scroll of teleportation
Potions
 j - a potion of magic
 k - a potion of brilliance {unknown}
 l - a potion of mutation {unknown}
 n - a potion of heal wounds {unknown}
 o - a potion of degeneration {unknown}
 q - a potion of lignification {unknown}
Comestibles
 g - a bread ration
 m - a slice of pizza
 r - 3 fruits
 s - 2 royal jellies


   Skills:
 - Level 1.5 Fighting
 + Level 3.7 Short Blades
 - Level 2.0 Throwing
 + Level 4.4 Dodging
 * Level 8.3 Stealth


You had 4 spell levels left.
You didn't know any spells.

Dungeon Overview and Level Annotations

Branches:
Dungeon (4/15)
 Temple: D:4-7

Altars:
Cheibriados

Annotations:
D:3 Etesian's ghost, amateur SpAs
D:4 gitgud34's ghost, amateur MiBe


Innate Abilities, Weirdness & Mutations

You are tiny and cannot use many weapons and most armour.
You have supernaturally acute eyesight.
You are a herbivore.
You cover ground extremely quickly.
You need consume almost no food.


Message History

You closely miss the worker ant.
The worker ant is heavily wounded.
The worker ant closely misses you.
You hit the worker ant.
The worker ant is severely wounded.
The worker ant barely misses you.
An iguana comes into view.
You hit the worker ant but do no damage.
The worker ant is severely wounded.
The worker ant bites you.
* * * LOW HITPOINT WARNING * * *
You are lethally poisoned!
The worker ant poisons you!
You hit the worker ant.
The worker ant is severely wounded.
* * * LOW HITPOINT WARNING * * *
You feel sick. The worker ant completely misses you.
You hit the worker ant but do no damage.
The worker ant is severely wounded.
You die...

.................
.####...#########
##.## #.# #.# #.# ##
#.#######
.#...########.......#
..l..Wa@.....>#####.#
..##..######### #.# #
#. #.# ## .. #.# #.
.# #.# #. # #.###.
#..... #####. ##


You could see an iguana, a worker ant and gitgud34's ghost.

Vanquished Creatures
  A black bear (D:4)
  A worker ant (D:4)
  4 adders
  An ooze (D:1)
  2 worms (D:2)
  A dart slug (D:1)
  2 giant geckos
  3 orcs (D:4)
  3 bats
  3 giant cockroaches
  2 hobgoblins (D:1)
  2 jackals (D:4)
  A quokka (D:2)
  2 ball pythons (D:2)
  2 giant newts (D:1)
  7 goblins
  4 kobolds
  6 rats
47 creatures vanquished.

Notes
Turn   | Place    | Note
--------------------------------------------------------------
     0 | D:1      | Etesian the Spriggan Assassin began the quest for the Orb.
     0 | D:1      | Reached XP level 1. HP: 10/10 MP: 2/2
    48 | D:1      | Reached skill level 6 in Stealth
    78 | D:1      | Reached XP level 2. HP: 7/14 MP: 3/3
  1206 | D:2      | Reached XP level 3. HP: 18/18 MP: 4/4
  1300 | D:2      | Found a snail-covered altar of Cheibriados.
  1375 | D:2      | Reached skill level 7 in Stealth
  1690 | D:3      | Reached XP level 4. HP: 22/22 MP: 5/5
  1786 | D:3      | Noticed Etesian's ghost (amateur SpAs)
  1968 | D:4      | Noticed a black bear
  1971 | D:4      | Killed a black bear
  1971 | D:4      | Reached skill level 8 in Stealth
  1971 | D:4      | Reached XP level 5. HP: 10/25 MP: 6/6
  2026 | D:4      | Noticed gitgud34's ghost (amateur MiBe)
  2031 | D:4      | HP: 1/25 [worker ant (4)]
  2033 | D:4      | Succumbed to a worker ant's poison

Skill      XL: |  1  2  3  4 |
---------------+-------------+-----
Stealth        | 6 7 8 |  8.3
Dodging        | 2 3 4 |  4.4
Short Blades   | 3 |  3.7
Fighting       | |  1.5
Throwing       | |  2.0

Action                   |  1- 3 |  4- 6 || total
-------------------------+-------+-------++-------
Melee: Dagger            |    95 |    74 ||   169
  Use: Scroll            |     6 |       ||     6
 Stab: Sleeping          |    12 |     3 ||    15
Armor: Robe              |    10 |     4 ||    14
Dodge: Dodged            |    58 |    48 ||   106
